Devils vs Panthers

Created - 19 février 2022 at 16:06

Goals
1 2 3 T
Devils 1 0 0 1
Panthers 0 0 0 0
Shots
1 2 3 T
Devils 14 6 7 27
Panthers 9 14 7 30

GoalsPenalties
1st period
1. Devils , Josh Anderson 14 (Mason Appleton 8, Josh Morrissey 38) at 5:30 (PP)
Nikita Zaitsev (FLO) for Hooking (Minor) at 4:05
Nikita Zaitsev (FLO) for Tripping (Minor) at 14:02
2nd period
No Goal
Mason Appleton (NJD) for High sticking (Minor) at 6:18
3rd period
No Goal
Josh Morrissey (NJD) for Hooking (Minor) at 5:23
Charlie McAvoy (NJD) for Hooking (Minor) at 8:57
Vladislav Namestnikov (FLO) for Fighting (Major) at 17:09
Josh Anderson (NJD) for Fighting (Major) at 17:09
Goalie Stats
Braden Holtby (NJD), 30 saves from 30 shots - (1,000), W, 12-11-2, 60:00 minutes
Jonathan Quick (FLO), 26 saves from 27 shots - (0,963), L, 17-14-3, 59:00 minutes
3 StarsOfficial
1 - Braden Holtby (NJD)
2 - Jonathan Quick (FLO)
3 - Anthony DeAngelo (NJD)
Referees : Steve Kozari and Gord Dwyer
Linesman : Shane Heyer and Jonny Murray
Game Note
Vladislav Namestnikov and Josh Anderson fight to a draw at 17:09 of 3rd period



Team Name Goals Shots Shots Attemp Shots Blocked PIM HIT PP PK FO%
Devils 127471311241 / 2 (50%)045%
Panthers 0306779300 / 3 (0%)155%

Devils
Player Name POS G A P +/- PIM HIT SHT SB MP PP MP PP SHT PK MP PK SHT FO% FOT
Alex GalchenyukC/LW0000042117:000:2402:22058% 19
Alexander BarabanovLW0000012115:030:0000:4900% 0
Anthony DeAngeloD0000060121:551:3500:0000% 0
Charlie McAvoyD0000221223:541:3501:2200% 0
Dryden HuntLW000000005:270:0000:0000% 0
Jason SpezzaC/RW0000003018:251:3502:18041% 27
Jimmy VeseyLW/RW000000109:590:0003:390100% 1
Joe ThorntonC/LW000000005:270:0000:00050% 10
Johnny BoychukD0000020113:220:0002:1100% 0
Josh AndersonLW/RW1010531317:211:4910:0000% 1
Josh MorrisseyD0110221322:311:4911:3500% 0
Mason AppletonC/LW/RW0110214017:521:2511:2900% 0
Matt BoldyLW0000001014:140:0000:0000% 1
Matt GrzelcykD0000002122:551:4902:3600% 0
Nicolas RoyC0000003020:211:4912:06036% 25
Rickard RakellC/LW/RW0000022016:071:3500:0000% 0
Tim StutzleLW0000003017:341:3510:000100% 1
Travis DermottD0000011014:320:0003:2100% 0
Panthers
Player Name POS G A P +/- PIM HIT SHT SB MP PP MP PP SHT PK MP PK SHT FO% FOT
Aleksander BarkovC0000003119:092:3501:21068% 22
Andre BurakovskyLW/RW0000002017:112:3500:0000% 0
Brett HowdenC/LW/RW0000002112:310:0000:00053% 15
Claude GirouxC/LW/RW0000014021:253:2202:03042% 26
Colton ParaykoD0000002220:102:3502:0100% 0
David KrejciC000000008:390:0000:00042% 12
Dmitry KulikovD0000060016:160:0000:4400% 0
Dylan DeMeloD0000010123:413:2201:2300% 0
James NealLW/RW0000011011:240:0000:0000% 0
Jonathan MarchessaultLW/RW0000034018:322:3501:21050% 2
Jujhar KhairaC/LW000000008:390:0000:000100% 1
Justin BraunD0000031016:460:0001:1400% 0
Michael RafflLW/RW000000008:390:0000:000100% 2
Nikita ZaitsevD0000441118:442:3510:0000% 0
Oskar SundqvistC/LW/RW0000002011:240:0000:000100% 1
Reilly SmithLW/RW0000003121:253:2202:03067% 3
Seth JonesD0000011024:213:2211:2600% 0
Vladislav NamestnikovC/LW/RW00005104017:373:2210:000100% 1

Devils

5 vs 5 Forward
Line #Left WingCenterRight WingPHYDFOFWanted %Time %Time Play
1Tim StutzleNicolas RoyJosh Anderson1133232%15:59
2Mason AppletonJason SpezzaRickard Rakell0232829%14:32
3Matt BoldyAlex GalchenyukAlexander Barabanov0142728%14:14
4Jimmy VeseyJoe ThorntonDryden Hunt2211311%5:27
5 vs 5 Defense
Line #DefenseDefensePHYDFOFWanted %Time %Time Play
1Charlie McAvoyAnthony DeAngelo0234140%19:53
2Josh MorrisseyMatt Grzelcyk0233837%18:30
3Johnny BoychukTravis Dermott2302122%11:11
4Charlie McAvoyJosh Morrissey12201%0:38
Power Play Forward
Line #Left WingCenterRight WingPHYDFOFWanted %Time %Time Play
1Rickard RakellJason SpezzaTim Stutzle0055547%1:35
2Mason AppletonNicolas RoyJosh Anderson0234553%1:49
Power Play Defense
Line #DefenseDefensePHYDFOFWanted %Time %Time Play
1Charlie McAvoyAnthony DeAngelo0145847%1:35
2Josh MorrisseyMatt Grzelcyk1224253%1:49
Penalty Kill 4 Players Forward
Line #CenterWingPHYDFOFWanted %Time %Time Play
1Nicolas RoyJimmy Vesey1225561%3:39
2Jason SpezzaMason Appleton1224539%2:18
Penalty Kill 4 Players Defense
Line #DefenseDefensePHYDFOFWanted %Time %Time Play
1Charlie McAvoyTravis Dermott1225040%2:23
2Josh MorrisseyMatt Grzelcyk1225060%3:34
Penalty Kill 3 Players
Line #WingPHYDFOFWanted %Time %Time PlayDefenseDefensePHYDFOFWanted %Time %Time Play
1Nicolas Roy122600%0:00 Charlie McAvoyTravis Dermott122500%0:00
2Mason Appleton122400%0:00 Josh MorrisseyMatt Grzelcyk122500%0:00
4 vs 4 Forward
Line #CenterWingPHYDFOFWanted %Time %Time Play
1Nicolas RoyRickard Rakell122520%0:00
2Jason SpezzaTim Stutzle122480%0:00
4 vs 4 Defense
Line #DefensePHYDFOFWanted %Time %Time Play
1Charlie McAvoyJosh Morrissey122500%0:00
2Anthony DeAngeloMatt Grzelcyk122500%0:00
Last Minutes Offensive
Left WingCenterRight WingDefenseDefense
Rickard RakellTim StutzleJosh AndersonCharlie McAvoyJosh Morrissey
Last Minutes Defensive
Left WingCenterRight WingDefenseDefense
Jimmy VeseyNicolas RoyMason AppletonCharlie McAvoyTravis Dermott
Time
Total ForwardTotal DefenseLast Minutes OffensiveLast Minutes Defensive
60:00 60:00 0:000:27
Extra Forwards
Normal PowerPlayPenalty Kill
Josh Anderson, Rickard Rakell, Tim StutzleTim Stutzle, Josh AndersonMason Appleton
Extra Defensemen
Normal PowerPlayPenalty Kill
Anthony DeAngelo, Charlie McAvoy, Matt GrzelcykCharlie McAvoy, Matt GrzelcykCharlie McAvoy
Penalty Shots
Tim Stutzle, Rickard Rakell, Nicolas Roy, Josh Anderson, Alexander Barabanov
Goalie
Braden Holtby, Alex Nedeljkovic
Custom OT Lines Forwards
Tim Stutzle, Rickard Rakell, Nicolas Roy, Josh Anderson, Matt Boldy, Jason Spezza, Alex Galchenyuk, Alexander Barabanov, Mason Appleton, Dryden Hunt
Custom OT Lines Defensemen
Charlie McAvoy, Josh Morrissey, Matt Grzelcyk, Anthony DeAngelo, Travis Dermott
Scratches
Kevin Stenlund (Healthy), Juho Lammikko (Healthy), Colin Miller (Healthy), Malcolm Subban (Healthy)

Panthers

5 vs 5 Forward
Line #Left WingCenterRight WingPHYDFOFWanted %Time %Time Play
1Jonathan MarchessaultAleksander BarkovAndre Burakovsky0143029%14:36
2Vladislav NamestnikovClaude GirouxReilly Smith0143031%15:23
3James NealBrett HowdenOskar Sundqvist1222423%11:24
4Jujhar KhairaDavid KrejciMichael Raffl1311617%8:39
5 vs 5 Defense
Line #DefenseDefensePHYDFOFWanted %Time %Time Play
1Seth JonesDylan DeMelo0233025%12:42
2Nikita ZaitsevColton Parayko0233031%15:34
3Dmitry KulikovJustin Braun1312431%15:32
4Seth JonesDylan DeMelo0231612%6:14
Power Play Forward
Line #Left WingCenterRight WingPHYDFOFWanted %Time %Time Play
1Jonathan MarchessaultAleksander BarkovAndre Burakovsky0145043%2:35
2Vladislav NamestnikovClaude GirouxReilly Smith0145057%3:22
Power Play Defense
Line #DefenseDefensePHYDFOFWanted %Time %Time Play
1Seth JonesDylan DeMelo0145057%3:22
2Nikita ZaitsevColton Parayko0145043%2:35
Penalty Kill 4 Players Forward
Line #CenterWingPHYDFOFWanted %Time %Time Play
1Aleksander BarkovJonathan Marchessault0325040%1:21
2Claude GirouxReilly Smith0325060%2:03
Penalty Kill 4 Players Defense
Line #DefenseDefensePHYDFOFWanted %Time %Time Play
1Seth JonesDylan DeMelo0325031%1:03
2Nikita ZaitsevColton Parayko0325069%2:21
Penalty Kill 3 Players
Line #WingPHYDFOFWanted %Time %Time PlayDefenseDefensePHYDFOFWanted %Time %Time Play
1Aleksander Barkov032500%0:00 Seth JonesDylan DeMelo032500%0:00
2Claude Giroux032500%0:00 Nikita ZaitsevColton Parayko032500%0:00
4 vs 4 Forward
Line #CenterWingPHYDFOFWanted %Time %Time Play
1Aleksander BarkovJonathan Marchessault014500%0:00
2Claude GirouxAndre Burakovsky014500%0:00
4 vs 4 Defense
Line #DefensePHYDFOFWanted %Time %Time Play
1Seth JonesDylan DeMelo014500%0:00
2Nikita ZaitsevColton Parayko014500%0:00
Last Minutes Offensive
Left WingCenterRight WingDefenseDefense
Claude GirouxAleksander BarkovReilly SmithSeth JonesNikita Zaitsev
Last Minutes Defensive
Left WingCenterRight WingDefenseDefense
Claude GirouxAleksander BarkovReilly SmithSeth JonesNikita Zaitsev
Time
Total ForwardTotal DefenseLast Minutes OffensiveLast Minutes Defensive
60:00 60:00 0:370:00
Extra Forwards
Normal PowerPlayPenalty Kill
Brett Howden, Oskar Sundqvist, James NealBrett Howden, Oskar SundqvistJujhar Khaira
Extra Defensemen
Normal PowerPlayPenalty Kill
Colton Parayko, Justin Braun, Nikita ZaitsevDylan DeMelo, Justin BraunNikita Zaitsev
Penalty Shots
Aleksander Barkov, Jonathan Marchessault, Claude Giroux, Reilly Smith, Andre Burakovsky
Goalie
Jonathan Quick, Collin Delia
Custom OT Lines Forwards
Aleksander Barkov, Claude Giroux, Reilly Smith, Jonathan Marchessault, Andre Burakovsky, Vladislav Namestnikov, Brett Howden, Oskar Sundqvist, James Neal, Jujhar Khaira
Custom OT Lines Defensemen
Seth Jones, Dylan DeMelo, Nikita Zaitsev, Colton Parayko, Justin Braun
Scratches
Eric Robinson (Healthy), Chad Ruhwedel (Healthy), Jason Demers (Healthy)


Play-by-Play

1st period


0:01 of 1st period - Aleksander Barkov wins face-off versus Nicolas Roy in neutral zone.
0:24 of 1st period - Shot by Charlie McAvoy.
0:24 of 1st period - Stopped by Jonathan Quick without a rebound.
0:25 of 1st period - Claude Giroux wins face-off versus Jason Spezza in Panthers zone.
1:34 of 1st period - Shot by James Neal.
1:34 of 1st period - Stopped by Braden Holtby without a rebound.
1:35 of 1st period - Michael Raffl wins face-off versus Matt Boldy in Devils zone.
1:35 of 1st period - Michael Raffl is hit by Johnny Boychuk.
2:18 of 1st period - Icing by Seth Jones.
2:19 of 1st period - David Krejci wins face-off versus Josh Anderson in Panthers zone.
2:19 of 1st period - David Krejci is hit by Josh Anderson.
2:22 of 1st period - Icing by Jujhar Khaira.
2:23 of 1st period - Joe Thornton wins face-off versus David Krejci in Panthers zone.
2:46 of 1st period - Shot by Jonathan Marchessault.
2:46 of 1st period - Stopped by Braden Holtby without a rebound.
2:47 of 1st period - Brett Howden wins face-off versus Nicolas Roy in Devils zone.
3:20 of 1st period - Shot by Tim Stutzle.
3:20 of 1st period - Shot Blocked by Brett Howden.
3:30 of 1st period - Shot by Justin Braun.
3:30 of 1st period - Stopped by Braden Holtby with a rebound.
3:51 of 1st period - Alexander Barabanov is hit by Nikita Zaitsev and loses puck.
3:59 of 1st period - Alex Galchenyuk is hit by Nikita Zaitsev and loses puck.
4:05 of 1st period - Minor Penalty to Nikita Zaitsev for Hooking.
4:06 of 1st period - Claude Giroux wins face-off versus Jason Spezza in Panthers zone.
4:54 of 1st period - Shot by Josh Morrissey.
4:54 of 1st period - Stopped by Jonathan Quick without a rebound.
4:55 of 1st period - Nicolas Roy wins face-off versus Claude Giroux in Panthers zone.
5:02 of 1st period - Shot by Mason Appleton.
5:02 of 1st period - Stopped by Jonathan Quick without a rebound.
5:03 of 1st period - Aleksander Barkov wins face-off versus Nicolas Roy in Panthers zone.
5:26 of 1st period - Shot by Josh Morrissey.
5:26 of 1st period - Shot Misses the Net.
5:28 of 1st period - Shot by Mason Appleton.
5:28 of 1st period - Shot Blocked by Colton Parayko.
5:30 of 1st period - Shot by Josh Anderson.
5:30 of 1st period - Goal by Josh Anderson - Devils : 1 - Panthers : 0.
5:31 of 1st period - Claude Giroux wins face-off versus Alex Galchenyuk in neutral zone.
5:31 of 1st period - Claude Giroux is hit by Alex Galchenyuk.
5:44 of 1st period - Shot by Matt Boldy.
5:44 of 1st period - Shot Misses the Net.
5:46 of 1st period - Shot by Matt Boldy.
5:46 of 1st period - Stopped by Jonathan Quick without a rebound.
5:47 of 1st period - Aleksander Barkov wins face-off versus Joe Thornton in Panthers zone.
6:08 of 1st period - Shot by Aleksander Barkov.
6:08 of 1st period - Shot Misses the Net.
6:27 of 1st period - Shot by Jonathan Marchessault.
6:27 of 1st period - Shot Blocked by Charlie McAvoy.
7:03 of 1st period - Shot by Reilly Smith.
7:03 of 1st period - Shot Misses the Net.
7:05 of 1st period - Shot by Claude Giroux.
7:05 of 1st period - Stopped by Braden Holtby without a rebound.
7:06 of 1st period - Jason Spezza wins face-off versus Brett Howden in Devils zone.
7:25 of 1st period - Shot by Brett Howden.
7:25 of 1st period - Stopped by Braden Holtby without a rebound.
7:26 of 1st period - David Krejci wins face-off versus Nicolas Roy in Devils zone.
7:26 of 1st period - David Krejci is hit by Josh Morrissey.
7:54 of 1st period - Shot by Matt Grzelcyk.
7:54 of 1st period - Stopped by Jonathan Quick without a rebound.
7:55 of 1st period - Vladislav Namestnikov wins face-off versus Alex Galchenyuk in Panthers zone.
7:55 of 1st period - Vladislav Namestnikov is hit by Alex Galchenyuk.
8:11 of 1st period - Johnny Boychuk is hit by Dmitry Kulikov and loses puck.
8:22 of 1st period - Shot by Reilly Smith.
8:22 of 1st period - Stopped by Braden Holtby without a rebound.
8:23 of 1st period - Jason Spezza wins face-off versus Aleksander Barkov in Devils zone.
8:34 of 1st period - Charlie McAvoy is hit by Dylan DeMelo and loses puck.
8:37 of 1st period - Shot by Mason Appleton.
8:37 of 1st period - Stopped by Jonathan Quick without a rebound.
8:38 of 1st period - Brett Howden wins face-off versus Nicolas Roy in Panthers zone.
9:02 of 1st period - Icing by Matt Grzelcyk.
9:03 of 1st period - Nicolas Roy wins face-off versus Claude Giroux in Devils zone.
9:03 of 1st period - Josh Morrissey is hit by Vladislav Namestnikov and loses puck.
9:47 of 1st period - Off-side.
9:48 of 1st period - Alex Galchenyuk wins face-off versus Aleksander Barkov in neutral zone.
9:50 of 1st period - Off-side.
9:51 of 1st period - Aleksander Barkov wins face-off versus Jason Spezza in neutral zone.
10:20 of 1st period - Rickard Rakell is hit by Justin Braun and loses puck.
10:28 of 1st period - Mason Appleton is hit by Dmitry Kulikov.
10:32 of 1st period - Shot by Rickard Rakell.
10:32 of 1st period - Deflect By Jason Spezza.
10:32 of 1st period - Stopped by Jonathan Quick without a rebound.
10:33 of 1st period - Brett Howden wins face-off versus Alex Galchenyuk in Panthers zone.
10:57 of 1st period - Shot by Oskar Sundqvist.
10:57 of 1st period - Stopped by Braden Holtby without a rebound.
10:58 of 1st period - Reilly Smith wins face-off versus Nicolas Roy in Devils zone.
11:03 of 1st period - Shot by Claude Giroux.
11:03 of 1st period - Stopped by Braden Holtby without a rebound.
11:04 of 1st period - Nicolas Roy wins face-off versus Claude Giroux in Devils zone.
11:15 of 1st period - Shot by Claude Giroux.
11:15 of 1st period - Shot Misses the Net.
11:32 of 1st period - Nicolas Roy is hit by Vladislav Namestnikov and loses puck.
11:40 of 1st period - Shot by Vladislav Namestnikov.
11:40 of 1st period - Stopped by Braden Holtby without a rebound.
11:41 of 1st period - Aleksander Barkov wins face-off versus Alex Galchenyuk in Devils zone.
11:51 of 1st period - Icing by Matt Grzelcyk.
11:52 of 1st period - Alex Galchenyuk wins face-off versus Brett Howden in Devils zone.
13:33 of 1st period - Shot by Aleksander Barkov.
13:33 of 1st period - Shot Misses the Net.
14:02 of 1st period - Minor Penalty to Nikita Zaitsev for Tripping.
14:03 of 1st period - Claude Giroux wins face-off versus Nicolas Roy in Panthers zone.
14:20 of 1st period - Shot by Nicolas Roy.
14:20 of 1st period - Shot Blocked by Colton Parayko.
14:38 of 1st period - Colton Parayko is hit by Josh Anderson and loses puck.
15:27 of 1st period - Shot by Josh Morrissey.
15:27 of 1st period - Shot Blocked by Dylan DeMelo.
15:39 of 1st period - Shot by Alex Galchenyuk.
15:39 of 1st period - Shot Misses the Net.
15:41 of 1st period - Shot by Nicolas Roy.
15:41 of 1st period - Stopped by Jonathan Quick without a rebound.
15:42 of 1st period - Jason Spezza wins face-off versus Claude Giroux in Panthers zone.
15:55 of 1st period - Shot by Anthony DeAngelo.
15:55 of 1st period - Shot Misses the Net.
15:57 of 1st period - Shot by Rickard Rakell.
15:57 of 1st period - Shot Misses the Net.
15:59 of 1st period - Shot by Tim Stutzle.
15:59 of 1st period - Stopped by Jonathan Quick with a rebound.
16:08 of 1st period - Icing by Seth Jones.
16:09 of 1st period - Alex Galchenyuk wins face-off versus David Krejci in Panthers zone.
16:18 of 1st period - Shot by Alexander Barabanov.
16:18 of 1st period - Stopped by Jonathan Quick without a rebound.
16:19 of 1st period - Joe Thornton wins face-off versus Brett Howden in Panthers zone.
16:48 of 1st period - Shot by Joe Thornton.
16:48 of 1st period - Shot Misses the Net.
17:09 of 1st period - Off-side.
17:10 of 1st period - Nicolas Roy wins face-off versus Claude Giroux in neutral zone.
17:38 of 1st period - Shot by Claude Giroux.
17:38 of 1st period - Shot Blocked by Josh Morrissey.
19:24 of 1st period - Shot by Alexander Barabanov.
19:24 of 1st period - Stopped by Jonathan Quick without a rebound.
19:25 of 1st period - Joe Thornton wins face-off versus Brett Howden in Panthers zone.
19:34 of 1st period - Shot by Dryden Hunt.
19:34 of 1st period - Shot Misses the Net.
19:46 of 1st period - Shot by Jimmy Vesey.
19:46 of 1st period - Stopped by Jonathan Quick with a rebound.
19:48 of 1st period - Shot by Matt Grzelcyk.
19:48 of 1st period - Stopped by Jonathan Quick with a rebound.
Goals for this period are 1 for Devils vs 0 for Panthers.
Shots for this period are 14 for Devils vs 9 for Panthers.

2nd period


0:01 of 2nd period - Aleksander Barkov wins face-off versus Alex Galchenyuk in neutral zone.
0:13 of 2nd period - Shot by Alex Galchenyuk.
0:13 of 2nd period - Stopped by Jonathan Quick without a rebound.
0:14 of 2nd period - Claude Giroux wins face-off versus Nicolas Roy in Panthers zone.
0:31 of 2nd period - Shot by Reilly Smith.
0:31 of 2nd period - Stopped by Braden Holtby without a rebound.
0:32 of 2nd period - Aleksander Barkov wins face-off versus Jason Spezza in Devils zone.
0:37 of 2nd period - Shot by Jonathan Marchessault.
0:37 of 2nd period - Stopped by Braden Holtby without a rebound.
0:38 of 2nd period - Alex Galchenyuk wins face-off versus Jonathan Marchessault in Devils zone.
1:01 of 2nd period - Shot by Aleksander Barkov.
1:01 of 2nd period - Stopped by Braden Holtby with a rebound.
1:03 of 2nd period - Shot by Seth Jones.
1:03 of 2nd period - Deflect By Aleksander Barkov.
1:03 of 2nd period - Stopped by Braden Holtby without a rebound.
1:04 of 2nd period - Reilly Smith wins face-off versus Jason Spezza in Devils zone.
1:07 of 2nd period - Shot by Reilly Smith.
1:07 of 2nd period - Shot Misses the Net.
1:09 of 2nd period - Shot by Colton Parayko.
1:09 of 2nd period - Shot Misses the Net.
1:16 of 2nd period - Shot by Colton Parayko.
1:16 of 2nd period - Stopped by Braden Holtby without a rebound.
1:17 of 2nd period - David Krejci wins face-off versus Nicolas Roy in Devils zone.
1:26 of 2nd period - Dylan DeMelo is hit by Josh Anderson and loses puck.
1:41 of 2nd period - Icing by David Krejci.
1:42 of 2nd period - Jason Spezza wins face-off versus David Krejci in Panthers zone.
1:49 of 2nd period - Shot by Mason Appleton.
1:49 of 2nd period - Stopped by Jonathan Quick without a rebound.
1:50 of 2nd period - Jason Spezza wins face-off versus Claude Giroux in Panthers zone.
1:50 of 2nd period - Josh Morrissey is hit by Nikita Zaitsev and loses puck.
2:28 of 2nd period - Icing by Matt Grzelcyk.
2:29 of 2nd period - Aleksander Barkov wins face-off versus Jason Spezza in Devils zone.
2:36 of 2nd period - Shot by Andre Burakovsky.
2:36 of 2nd period - Stopped by Braden Holtby without a rebound.
2:37 of 2nd period - Alex Galchenyuk wins face-off versus Aleksander Barkov in Devils zone.
3:04 of 2nd period - Shot by Jonathan Marchessault.
3:04 of 2nd period - Shot Blocked by Anthony DeAngelo.
3:06 of 2nd period - Shot by Andre Burakovsky.
3:06 of 2nd period - Shot Hit the Post.
3:08 of 2nd period - Shot by Aleksander Barkov.
3:08 of 2nd period - Shot Misses the Net.
3:37 of 2nd period - Shot by Claude Giroux.
3:37 of 2nd period - Shot Misses the Net.
3:39 of 2nd period - Shot by Reilly Smith.
3:39 of 2nd period - Shot Misses the Net.
3:41 of 2nd period - Shot by Reilly Smith.
3:41 of 2nd period - Shot Misses the Net.
3:49 of 2nd period - Shot by Claude Giroux.
3:49 of 2nd period - Stopped by Braden Holtby with a rebound.
3:51 of 2nd period - Shot by Reilly Smith.
3:51 of 2nd period - Shot Misses the Net.
3:53 of 2nd period - Shot by Reilly Smith.
3:53 of 2nd period - Stopped by Braden Holtby without a rebound.
3:54 of 2nd period - Michael Raffl wins face-off versus Nicolas Roy in Devils zone.
4:00 of 2nd period - Tim Stutzle is hit by Justin Braun and loses puck.
4:07 of 2nd period - Shot by Tim Stutzle.
4:07 of 2nd period - Shot Misses the Net.
4:33 of 2nd period - Icing by Dmitry Kulikov.
4:34 of 2nd period - Jason Spezza wins face-off versus David Krejci in Panthers zone.
4:43 of 2nd period - Shot by Mason Appleton.
4:43 of 2nd period - Stopped by Jonathan Quick without a rebound.
4:44 of 2nd period - Claude Giroux wins face-off versus Joe Thornton in Panthers zone.
4:51 of 2nd period - Shot by Claude Giroux.
4:51 of 2nd period - Stopped by Braden Holtby without a rebound.
4:52 of 2nd period - Jason Spezza wins face-off versus Aleksander Barkov in Devils zone.
4:52 of 2nd period - Jason Spezza is hit by Jonathan Marchessault.
5:14 of 2nd period - Shot by Jonathan Marchessault.
5:14 of 2nd period - Stopped by Braden Holtby without a rebound.
5:15 of 2nd period - Brett Howden wins face-off versus Nicolas Roy in Devils zone.
5:15 of 2nd period - Brett Howden is hit by Anthony DeAngelo.
5:43 of 2nd period - Shot by Nikita Zaitsev.
5:43 of 2nd period - Shot Blocked by Charlie McAvoy.
5:45 of 2nd period - Shot by Oskar Sundqvist.
5:45 of 2nd period - Shot Misses the Net.
5:47 of 2nd period - Shot by Brett Howden.
5:47 of 2nd period - Stopped by Braden Holtby without a rebound.
5:48 of 2nd period - Alex Galchenyuk wins face-off versus Claude Giroux in Devils zone.
6:06 of 2nd period - Shot by Vladislav Namestnikov.
6:06 of 2nd period - Stopped by Braden Holtby without a rebound.
6:07 of 2nd period - Aleksander Barkov wins face-off versus Jason Spezza in Devils zone.
6:07 of 2nd period - Aleksander Barkov is hit by Travis Dermott.
6:11 of 2nd period - Shot by Jonathan Marchessault.
6:11 of 2nd period - Stopped by Braden Holtby with a rebound.
6:18 of 2nd period - Minor Penalty to Mason Appleton for High sticking.
6:19 of 2nd period - Jimmy Vesey wins face-off versus Claude Giroux in Devils zone.
6:19 of 2nd period - Jimmy Vesey is hit by Vladislav Namestnikov.
7:02 of 2nd period - Shot by Reilly Smith.
7:02 of 2nd period - Shot Misses the Net.
7:04 of 2nd period - Shot by Claude Giroux.
7:04 of 2nd period - Shot Blocked by Matt Grzelcyk.
8:24 of 2nd period - Anthony DeAngelo is hit by Dmitry Kulikov and loses puck.
8:36 of 2nd period - Charlie McAvoy is hit by Dmitry Kulikov and loses puck.
9:30 of 2nd period - Icing by Justin Braun.
9:31 of 2nd period - Brett Howden wins face-off versus Joe Thornton in Panthers zone.
9:56 of 2nd period - Joe Thornton is hit by Dmitry Kulikov and loses puck.
10:21 of 2nd period - Charlie McAvoy is hit by Vladislav Namestnikov and loses puck.
10:54 of 2nd period - Anthony DeAngelo is hit by Vladislav Namestnikov and loses puck.
11:17 of 2nd period - Matt Boldy is hit by Vladislav Namestnikov and loses puck.
11:43 of 2nd period - Andre Burakovsky is hit by Johnny Boychuk.
11:50 of 2nd period - Off-side.
11:51 of 2nd period - David Krejci wins face-off versus Jason Spezza in neutral zone.
12:28 of 2nd period - Shot by Jason Spezza.
12:28 of 2nd period - Stopped by Jonathan Quick with a rebound.
12:30 of 2nd period - Shot by Matt Grzelcyk.
12:30 of 2nd period - Shot Blocked by Nikita Zaitsev.
12:51 of 2nd period - Icing by Charlie McAvoy.
12:52 of 2nd period - Aleksander Barkov wins face-off versus Nicolas Roy in Devils zone.
12:59 of 2nd period - Shot by Jonathan Marchessault.
12:59 of 2nd period - Shot Blocked by Josh Anderson.
13:09 of 2nd period - Shot by Jonathan Marchessault.
13:09 of 2nd period - Deflect By Aleksander Barkov.
13:09 of 2nd period - Shot Misses the Net.
14:21 of 2nd period - Icing by Seth Jones.
14:22 of 2nd period - Claude Giroux wins face-off versus Jason Spezza in Panthers zone.
14:22 of 2nd period - Claude Giroux is hit by Rickard Rakell.
15:06 of 2nd period - Nikita Zaitsev is hit by Rickard Rakell and loses puck.
15:12 of 2nd period - Off-side.
15:13 of 2nd period - Nicolas Roy wins face-off versus David Krejci in neutral zone.
15:48 of 2nd period - Shot by Tim Stutzle.
15:48 of 2nd period - Stopped by Jonathan Quick without a rebound.
15:49 of 2nd period - Alex Galchenyuk wins face-off versus Aleksander Barkov in Panthers zone.
15:52 of 2nd period - Shot by Alexander Barabanov.
15:52 of 2nd period - Shot Blocked by Aleksander Barkov.
16:02 of 2nd period - Alexander Barabanov is hit by Jonathan Marchessault and loses puck.
16:13 of 2nd period - Shot by Andre Burakovsky.
16:13 of 2nd period - Stopped by Braden Holtby without a rebound.
16:14 of 2nd period - Jason Spezza wins face-off versus Claude Giroux in Devils zone.
16:20 of 2nd period - Josh Morrissey is hit by Vladislav Namestnikov and loses puck.
16:51 of 2nd period - Vladislav Namestnikov is hit by Mason Appleton and loses puck.
17:07 of 2nd period - Seth Jones is hit by Anthony DeAngelo and loses puck.
17:45 of 2nd period - Jonathan Marchessault is hit by Charlie McAvoy and loses puck.
18:58 of 2nd period - Icing by Seth Jones.
18:59 of 2nd period - Jason Spezza wins face-off versus David Krejci in Panthers zone.
18:59 of 2nd period - Jason Spezza is hit by Seth Jones.
19:09 of 2nd period - Shot by Rickard Rakell.
19:09 of 2nd period - Stopped by Jonathan Quick with a rebound.
19:22 of 2nd period - Icing by Josh Morrissey.
19:23 of 2nd period - Jonathan Marchessault wins face-off versus Jason Spezza in Devils zone.
19:48 of 2nd period - Icing by Nikita Zaitsev.
19:49 of 2nd period - Joe Thornton wins face-off versus Aleksander Barkov in Panthers zone.
19:56 of 2nd period - Shot by Joe Thornton.
19:56 of 2nd period - Shot Misses the Net.
Goals for this period are 0 for Devils vs 0 for Panthers.
Shots for this period are 6 for Devils vs 14 for Panthers.

3rd period


0:01 of 3rd period - Nicolas Roy wins face-off versus Claude Giroux in neutral zone.
0:17 of 3rd period - Icing by Dylan DeMelo.
0:18 of 3rd period - Alex Galchenyuk wins face-off versus Claude Giroux in Panthers zone.
0:50 of 3rd period - Dylan DeMelo is hit by Alexander Barabanov.
1:16 of 3rd period - Shot by Josh Anderson.
1:16 of 3rd period - Shot Misses the Net.
1:31 of 3rd period - Icing by Anthony DeAngelo.
1:32 of 3rd period - Brett Howden wins face-off versus Nicolas Roy in Devils zone.
1:33 of 3rd period - Shot by Oskar Sundqvist.
1:33 of 3rd period - Stopped by Braden Holtby without a rebound.
1:34 of 3rd period - Brett Howden wins face-off versus Joe Thornton in Devils zone.
1:40 of 3rd period - Travis Dermott is hit by Dmitry Kulikov and loses puck.
1:52 of 3rd period - Joe Thornton is hit by Justin Braun and loses puck.
1:56 of 3rd period - Icing by Justin Braun.
1:57 of 3rd period - Brett Howden wins face-off versus Nicolas Roy in Panthers zone.
2:27 of 3rd period - Off-side.
2:28 of 3rd period - Jason Spezza wins face-off versus Aleksander Barkov in neutral zone.
2:28 of 3rd period - Josh Morrissey is hit by Jonathan Marchessault and loses puck.
3:01 of 3rd period - Shot by Aleksander Barkov.
3:01 of 3rd period - Shot Blocked by Josh Morrissey.
3:07 of 3rd period - Shot by Rickard Rakell.
3:07 of 3rd period - Stopped by Jonathan Quick without a rebound.
3:08 of 3rd period - Claude Giroux wins face-off versus Nicolas Roy in Panthers zone.
3:14 of 3rd period - Claude Giroux is hit by Charlie McAvoy and loses puck.
3:28 of 3rd period - Claude Giroux is hit by Anthony DeAngelo and loses puck.
3:39 of 3rd period - Shot by Nicolas Roy.
3:39 of 3rd period - Stopped by Jonathan Quick with a rebound.
3:49 of 3rd period - Shot by Claude Giroux.
3:49 of 3rd period - Shot Misses the Net.
3:51 of 3rd period - Shot by Vladislav Namestnikov.
3:51 of 3rd period - Shot Misses the Net.
3:53 of 3rd period - Shot by Vladislav Namestnikov.
3:53 of 3rd period - Shot Blocked by Josh Anderson.
4:18 of 3rd period - David Krejci is hit by Anthony DeAngelo and loses puck.
4:24 of 3rd period - David Krejci is hit by Anthony DeAngelo and loses puck.
5:00 of 3rd period - Shot by Aleksander Barkov.
5:00 of 3rd period - Stopped by Braden Holtby without a rebound.
5:01 of 3rd period - Alex Galchenyuk wins face-off versus Brett Howden in Devils zone.
5:01 of 3rd period - Matt Grzelcyk is hit by James Neal and loses puck.
5:21 of 3rd period - Brett Howden is hit by Josh Morrissey and loses puck.
5:23 of 3rd period - Minor Penalty to Josh Morrissey for Hooking.
5:24 of 3rd period - Aleksander Barkov wins face-off versus Jason Spezza in Devils zone.
6:55 of 3rd period - Shot by Claude Giroux.
6:55 of 3rd period - Shot Blocked by Alex Galchenyuk.
6:59 of 3rd period - Shot by Claude Giroux.
6:59 of 3rd period - Shot Blocked by Alexander Barabanov.
7:03 of 3rd period - Shot by Seth Jones.
7:03 of 3rd period - Stopped by Braden Holtby without a rebound.
7:04 of 3rd period - Aleksander Barkov wins face-off versus Jason Spezza in Devils zone.
7:05 of 3rd period - Shot by Nikita Zaitsev.
7:05 of 3rd period - Stopped by Braden Holtby without a rebound.
7:06 of 3rd period - Claude Giroux wins face-off versus Jason Spezza in Devils zone.
8:44 of 3rd period - Shot by Andre Burakovsky.
8:44 of 3rd period - Shot Blocked by Josh Anderson.
8:50 of 3rd period - Shot by Jonathan Marchessault.
8:50 of 3rd period - Deflect By Aleksander Barkov.
8:50 of 3rd period - Shot Misses the Net.
8:52 of 3rd period - Shot by Nikita Zaitsev.
8:52 of 3rd period - Shot Misses the Net.
8:57 of 3rd period - Minor Penalty to Charlie McAvoy for Hooking.
8:58 of 3rd period - Nicolas Roy wins face-off versus Reilly Smith in Devils zone.
9:41 of 3rd period - Shot by Dylan DeMelo.
9:41 of 3rd period - Shot Misses the Net.
9:43 of 3rd period - Shot by Vladislav Namestnikov.
9:43 of 3rd period - Stopped by Braden Holtby without a rebound.
9:44 of 3rd period - Aleksander Barkov wins face-off versus Jason Spezza in Devils zone.
11:25 of 3rd period - Shot by Alex Galchenyuk.
11:25 of 3rd period - Stopped by Jonathan Quick without a rebound.
11:26 of 3rd period - David Krejci wins face-off versus Nicolas Roy in Panthers zone.
11:37 of 3rd period - Shot by Michael Raffl.
11:37 of 3rd period - Shot Misses the Net.
11:51 of 3rd period - Shot by Josh Morrissey.
11:51 of 3rd period - Shot Misses the Net.
12:27 of 3rd period - Shot by Jason Spezza.
12:27 of 3rd period - Shot Misses the Net.
12:29 of 3rd period - Shot by Johnny Boychuk.
12:29 of 3rd period - Shot Misses the Net.
12:31 of 3rd period - Shot by Jason Spezza.
12:31 of 3rd period - Stopped by Jonathan Quick without a rebound.
12:32 of 3rd period - Aleksander Barkov wins face-off versus Alex Galchenyuk in Panthers zone.
12:42 of 3rd period - Icing by Josh Morrissey.
12:43 of 3rd period - Alex Galchenyuk wins face-off versus Claude Giroux in Devils zone.
13:07 of 3rd period - Shot by Seth Jones.
13:07 of 3rd period - Shot Blocked by Josh Morrissey.
13:09 of 3rd period - Shot by Vladislav Namestnikov.
13:09 of 3rd period - Stopped by Braden Holtby without a rebound.
13:10 of 3rd period - Aleksander Barkov wins face-off versus Joe Thornton in Devils zone.
13:37 of 3rd period - Off-side.
13:38 of 3rd period - Claude Giroux wins face-off versus Alex Galchenyuk in neutral zone.
13:44 of 3rd period - Icing by Seth Jones.
13:45 of 3rd period - Alex Galchenyuk wins face-off versus Claude Giroux in Panthers zone.
14:22 of 3rd period - Matt Grzelcyk is hit by Vladislav Namestnikov and loses puck.
14:43 of 3rd period - Alex Galchenyuk is hit by Claude Giroux and loses puck.
14:58 of 3rd period - Colton Parayko is hit by Alex Galchenyuk.
15:11 of 3rd period - Jonathan Marchessault is hit by Anthony DeAngelo and loses puck.
15:46 of 3rd period - Off-side.
15:47 of 3rd period - Nicolas Roy wins face-off versus Brett Howden in neutral zone.
15:56 of 3rd period - Shot by Tim Stutzle.
15:56 of 3rd period - Deflect By Nicolas Roy.
15:56 of 3rd period - Stopped by Jonathan Quick without a rebound.
15:57 of 3rd period - Joe Thornton wins face-off versus David Krejci in Panthers zone.
16:20 of 3rd period - Shot by Jujhar Khaira.
16:20 of 3rd period - Shot Blocked by Johnny Boychuk.
16:30 of 3rd period - Shot by Travis Dermott.
16:30 of 3rd period - Stopped by Jonathan Quick without a rebound.
16:31 of 3rd period - Claude Giroux wins face-off versus Jason Spezza in Panthers zone.
16:46 of 3rd period - Off-side.
16:47 of 3rd period - Tim Stutzle wins face-off versus Brett Howden in neutral zone.
16:53 of 3rd period - Icing by Colton Parayko.
16:54 of 3rd period - Oskar Sundqvist wins face-off versus Jason Spezza in Panthers zone.
17:01 of 3rd period - Shot by Brett Howden.
17:01 of 3rd period - Shot Misses the Net.
17:03 of 3rd period - Shot by Colton Parayko.
17:03 of 3rd period - Stopped by Braden Holtby without a rebound.
17:04 of 3rd period - Nicolas Roy wins face-off versus Claude Giroux in Devils zone.
17:04 of 3rd period - Nicolas Roy is hit by Vladislav Namestnikov.
17:07 of 3rd period - Matt Grzelcyk is hit by Vladislav Namestnikov and loses puck.
17:09 of 3rd period - Vladislav Namestnikov and Josh Anderson fight to a draw.
17:09 of 3rd period - Penalty to Vladislav Namestnikov for Fighting.
17:09 of 3rd period - Penalty to Josh Anderson for Fighting.
17:10 of 3rd period - Jason Spezza wins face-off versus Claude Giroux in neutral zone.
18:34 of 3rd period - Shot by Tim Stutzle.
18:34 of 3rd period - Stopped by Jonathan Quick without a rebound.
18:35 of 3rd period - Jujhar Khaira wins face-off versus Alex Galchenyuk in Panthers zone.
18:35 of 3rd period - Jujhar Khaira is hit by Alex Galchenyuk.
18:45 of 3rd period - Shot by David Krejci.
18:45 of 3rd period - Shot Misses the Net.
19:00 of 3rd period - Panthers, Jonathan Quick is pulled from the net.
19:16 of 3rd period - Shot by Jujhar Khaira.
19:16 of 3rd period - Shot Misses the Net.
19:42 of 3rd period - Shot by Jimmy Vesey.
19:42 of 3rd period - Shot Blocked by Reilly Smith.
19:55 of 3rd period - Nicolas Roy is hit by Nikita Zaitsev and loses puck.
Goals for this period are 0 for Devils vs 0 for Panthers.
Shots for this period are 7 for Devils vs 7 for Panthers.